 Dungeon Crawl Stone Soup version 0.29-a0-330-g52719c12eb (webtiles) character file.

Game seed: 18334429065686486035

86 kae the Gusty (level 4, -4/39 HPs)
             Began as an Ogre Air Elementalist on Apr 12, 2022.
             Slain by an orc
             ... wielding a +0 flail
              (5 damage)
             ... on level 3 of the Dungeon.
             The game lasted 00:02:08 (2478 turns).

kae the Gusty (Ogre Air Elementalist)               Turns: 2478, Time: 00:02:09

Health: -4/39      AC:  4    Str: 12    XL:     4   Next: 49%
Magic:  4/8        EV:  9    Int: 18    God:
Gold:   101        SH:  0    Dex:  9    Spells: 3/9 levels left

rFire   . . .      SeeInvis +   f - +3 short sword (freeze)
rCold   . . .      Faith    .   (no shield)
rNeg    . . .      Spirit   .   a - +1 robe
rPois   .          Reflect  .   (helmet restricted)
rElec   .          Harm     .   (no cloak)
rCorr   .          Rampage  .   (gloves unavailable)
Will    .....                   (boots unavailable)
Stlth   +.........              (no amulet)
HPRegen 0.13/turn               k - ring of see invisible
MPRegen 0.11/turn               (no ring)

@: no status effects
A: large, unfitting armour, tough skin 1
a: no special abilities


You were on level 3 of the Dungeon.
You visited 1 branch of the dungeon, and saw 5 of its levels.

You collected 101 gold pieces.

Inventory:

Hand Weapons
 f - a +3 short sword of freezing (weapon)
Armour
 a - a +1 robe (worn)
Jewellery
 k - a ring of see invisible (left hand)
Scrolls
 c - a scroll of identify
Potions
 b - 2 potions of magic
 e - a potion of flight
 g - a potion of heal wounds
 j - a potion of cancellation
 l - 2 potions of brilliance


   Skills:
 - Level 1.7 Dodging
 - Level 1.4 Stealth
 + Level 3.2 Spellcasting
 + Level 2.0 Conjurations
 * Level 3.8 Air Magic


You had 3 spell levels left.
You knew the following spells:

 Your Spells              Type           Power      Damage    Failure   Level
a - Shock                 Conj/Air       52%        1d6       4%          1
b - Static Discharge      Conj/Air       13%        N/A       8%          2
c - Swiftness             Air            16%        N/A       10%         3

Your spell library contained the following spells:

 Spells                   Type           Power      Damage    Failure   Level
 Airstrike                Air            8%         N/A       32%         4


Dungeon Overview and Level Annotations

Branches:
Dungeon (5/15)
 Temple: D:4-7

Altars:
Vehumet

Shops:
D:1 !(*(*

Annotations:
D:3 1 runed translucent door, Crazy Yiuf, Grinder


Innate Abilities, Weirdness & Mutations

You are too large for most types of armour.
You have tough skin. (AC +1)


Message History

The adder zombie closely misses you.
The adder zombie attacks as you move away!
The adder zombie bites you.
* * * LOW HITPOINT WARNING * * *
The adder zombie bites you.
* * * LOW HITPOINT WARNING * * *
There is a stone staircase leading up here.
The adder zombie barely misses you.
You climb upwards.
Level annotation: 1 runed translucent door, Crazy Yiuf, Grinder The orc shouts! x2
The orc hits you with a +0 dagger.
* * * LOW HITPOINT WARNING * * *
The orc hits you with a +3 hand axe.
* * * LOW HITPOINT WARNING * * *
The orc hits you but does no damage. The orc hits you with a +3 hand axe.
* * * LOW HITPOINT WARNING * * *
Found an escape hatch in the ceiling.
Found a stone staircase leading up.
There is a stone staircase leading down here.
Okay, then.
You feel much better. The orc barely misses you.
The orc hits you with a +0 dagger. The orc closely misses you.
Casting: Static Discharge (safe; 8% risk of failure)
Confirm with . or Enter, or press ? or * to list all spells.
The orc is struck by an arc of lightning.
The orc is heavily wounded.
The lightning grounds out.
The orc hits you with a +0 flail! The orc barely misses you.
The orc hits you with a +3 hand axe!
* * * LOW HITPOINT WARNING * * *
The orc hits you with a +0 flail.
* * * LOW HITPOINT WARNING * * *
The orc hits you with a +0 dagger.
* * * LOW HITPOINT WARNING * * *
The orc hits you but does no damage.
Casting: Static Discharge (safe; 8% risk of failure)
Confirm with . or Enter, or press ? or * to list all spells.
The orc is struck by an arc of lightning.
The orc is severely wounded.
The lightning grounds out.
The orc hits you with a +0 flail.
You die...

## .# .# .# .#
.#
.#.#####.####.#
.....<.@o......
##.....oo.<..#.
..
#..####.###..#
#. #. .# # #.
.# #. .# #. ##
#5 ######.##
.........


You could see 3 orcs.

Vanquished Creatures
  A gnoll (D:3)
  3 adders
  4 dart slugs
  An orc (D:3)
  2 bats (D:2)
  An endoplasm (D:2)
  3 giant cockroaches (D:2)
  6 goblins
  2 hobgoblins
  4 jackals
  4 kobolds (D:1)
  A quokka (D:2)
  A ball python (D:1)
  A frilled lizard (D:2)
  3 rats (D:1)
37 creatures vanquished.

Notes
Turn   | Place    | Note
-------+----------+-------------------------------------------
     0 | D:1      | kae the Ogre Air Elementalist began the quest for the Orb.
     0 | D:1      | Reached XP level 1. HP: 16/16 MP: 3/3
   161 | D:1      | Reached skill level 1 in Conjurations
   322 | D:1      | Reached XP level 2. HP: 16/24 MP: 0/5
   417 | D:1      | Found Pariveaz's Assorted Antiques.
   472 | D:1      | Found Saogh's Antique Weapon Shop.
   517 | D:1      | Found Uficruirgh's General Store.
   590 | D:1      | Found Xestew's Antique Weapon Emporium.
   675 | D:1      | Found Ummoik's Distillery.
  1074 | D:2      | Found a faded altar of an unknown god.
  1240 | D:2      | Reached XP level 3. HP: 22/31 MP: 0/7
  1814 | D:2      | Reached XP level 4. HP: 39/39 MP: 6/8
  1918 | D:2      | Found a radiant altar of Vehumet.
  2080 | D:2      | Learned a level 2 spell: Static Discharge
  2084 | D:2      | Learned a level 3 spell: Swiftness
  2340 | D:3      | Found a runed translucent door.
  2341 | D:3      | Noticed Crazy Yiuf
  2400 | D:3      | Noticed Grinder
  2417 | D:3      | You fall into a shaft and drop 2 floors!
  2417 | D:5      | Entered Level 5 of the Dungeon
  2417 | D:5      | Noticed an ogre
  2417 | D:5      | Noticed an ice beast
  2417 | D:5      | Noticed a sky beast
  2474 | D:3      | HP: 1/39 [orc/+3 hand axe (1)]
  2478 | D:3      | Slain by an orc

Illustrated notes

Levels and vault maps discovered:
D:1:      dpeg_arrival_another_circle, layout_loops_ring, serial_shops,
          nicolae_shop_behind_doors, nicolae_shop_hallway_plus,
          nicolae_square_shop, shop, nicolae_shop_temple_entry_statues_fountains
D:2:      layout_basic, basic_altar, ebering_ecumenical_altar_hall, minivault_24
D:3:      wad_crossroads, layout_loops_ring, uniq_crazy_yiuf_cottage,
          uniq_terence, uniq_grinder
D:4:      layout_cave_pods, serial_undead, serial_undead_b, serial_undead_c,
          serial_undead_e, serial_undead_e, serial_undead_c, serial_undead_d,
          serial_undead_d, serial_undead_b, serial_undead_e, serial_undead_a
D:5:      layout_cave_pools, minmay_temple_entry_wispy, serial_park,
          serial_park_gazebo [serial_park_minivault_5x5_2], serial_park_square2,
          serial_park_square2, serial_park_tiny_2, nicolae_fountain_basement

Skill      XL: |  1  2  3  4 |
---------------+-------------+-----
Conjurations   | 1 2 |  2.0
Air Magic      | 3 |  3.8
Spellcasting   | 3 |  3.2
Dodging        | |  1.7
Stealth        | |  1.4

Action                   |  1- 3 |  4- 6 || total
-------------------------+-------+-------++-------
Melee: Short sword       |    18 |    14 ||    32
 Cast: Shock             |    59 |     9 ||    68
       Static Discharge  |       |     4 ||     4
  Use: Scroll            |     6 |     6 ||    12
       Potion            |       |     2 ||     2
 Stab: Sleeping          |       |     1 ||     1
Armor: Robe              |    14 |    19 ||    33
Dodge: Dodged            |    13 |    32 ||    45

Table legend: (Time is in decaauts)
 A = Elapsed time spent in this place.
 B = Non-inter-level travel time spent in this place.
 C = Inter-level travel time spent in this place.
 D = Time resting spent in this place.
 E = Time spent auto-exploring this place.
 F = Levels seen in this place.
 G = Mean time per level.
                   A        B        C        D        E       F      G
               +--------+--------+--------+--------+--------+-----+--------+
         Total |   2480 |   2427 |     53 |     62 |   2056 |   5 |  496.0 |
       Dungeon |   2480 |   2427 |     53 |     62 |   2056 |   5 |  496.0 |
               +--------+--------+--------+--------+--------+-----+--------+

Top non-repeatable levels by time:
     D:2: 1042 daAuts
     D:1: 1041 daAuts
     D:3: 341 daAuts
     D:4: 52 daAuts
     D:5: 3 daAuts
